 Dungeon Crawl Stone Soup version 0.31-a0-164-g2312942fda (webtiles) character file.

Game seed: 12909603430751757977

1 Jadoobi the Trooper (level 1, 0/20 HPs)
             Began as a Hill Orc Fighter on June 13, 2023.
             Slain by a bat (1 damage)
             ... on level 1 of the Dungeon.
             The game lasted 00:00:18 (26 turns).

Jadoobi the Trooper (Hill Orc Fighter)                Turns: 26, Time: 00:00:19

Health: 0/20       AC:  6    Str: 18    XL:     1   Next: 20%
Magic:  1/1        EV:  9    Int:  8    God:
Gold:   0          SH:  4    Dex: 10    Spells: 0/0 levels left

rFire   . . .        a - +0 rapier
rCold   . . .        c - +0 buckler
rNeg    . . .        b - +0 scale mail
rPois   .            (no helmet)
rElec   .            (no cloak)
rCorr   .            (no gloves)
SInv    .            (no boots)
Will    .....        (no amulet) Stlth
                     (no ring)
HPRegen 0.23/turn    (no ring)
MPRegen 0.07/turn

%: no passive effects
@: no status effects
A: no striking features
a: no special abilities


You were on level 1 of the Dungeon.
You visited 1 branch of the dungeon, and saw 1 of its levels.

Inventory:

Hand Weapons
 a - a +0 rapier (weapon)
Armour
 b - a +0 scale mail (worn)
 c - a +0 buckler (worn)
Potions
 d - a potion of might


   Skills:
 + Level 3.6 Fighting
 + Level 2.0 Short Blades
 + Level 3.3 Armour
 + Level 3.3 Shields


You couldn't memorise any spells.
You didn't know any spells.
Your spell library was empty.

Dungeon Overview and Level Annotations

Branches:
Dungeon (1/15)

Altars:


Message History

The giant cockroach barely misses you. The bat hits you but does no damage.
The frilled lizard closely misses you.
The endoplasm hits you but does no damage.
You block the giant cockroach's attack. You block the goblin's attack.
The hobgoblin barely misses you.
You barely miss the hobgoblin.
The hobgoblin is severely wounded.
The bat hits you but does no damage. x2
The giant cockroach closely misses you.
The frilled lizard bites you but does no damage.
The endoplasm hits you but does no damage.
The goblin hits you but does no damage. The hobgoblin closely misses you.
You hit the hobgoblin.
You kill the hobgoblin!
The bat hits you but does no damage. The bat barely misses you.
The giant cockroach bites you but does no damage.
The frilled lizard completely misses you.
The bat barely misses you. The endoplasm barely misses you.
A hobgoblin comes into view.
The goblin hits you but does no damage.
The hobgoblin shouts!
You puncture the dart slug!
The dart slug is heavily wounded.
The bat hits you but does no damage. The bat barely misses you.
You block the giant cockroach's attack. The frilled lizard barely misses you.
The endoplasm freezes you.
You are frozen.
The goblin hits you with a +0 club.
* * * LOW HITPOINT WARNING * * *
The giant cockroach bites you but does no damage.
The dart slug bites you but does no damage.
The bat attacks as you move away! The bat hits you but does no damage. x2
The goblin hits you with a +0 club.
* * * LOW HITPOINT WARNING * * *
A ball python comes into view.
The ball python hisses angrily.
The bat barely misses you. The bat hits you.
* * * LOW HITPOINT WARNING * * *
The goblin completely misses you.
Found a stone staircase leading down.
The bat hits you.
You die...

>...... .. ..........
... ..S...... ....
............ #....
...........##...
.........#... .
#..........##....
###.#.....b@.......
...........####.... .
.........g.........
.~♣♣♣♣♣♣♣♣♣~.BJl####...
~~≈≈≈♣≈♣≈♣≈~~.bw#
♣~~~~~~~~~♣♣....#
♣~~~~~~~~~≈♣.......
♣~~~~<~~~~♣♣........
♣~~~~~~~~~♣♣........#


You could see a dart slug, an endoplasm, a giant cockroach, a goblin, 2 bats, a
ball python and a frilled lizard.

Vanquished Creatures
  A hobgoblin (D:1)
1 creature vanquished.

Notes
Turn   | Place    | Note
-------+----------+-------------------------------------------
     0 | D:1      | Jadoobi the Hill Orc Fighter began the quest for the Orb.
     0 | D:1      | Reached XP level 1. HP: 19/19 MP: 1/1
    25 | D:1      | HP: 1/20 [bat (1)]
    26 | D:1      | Slain by a bat

Illustrated notes

Levels and vault maps discovered:
D:1:      reono_arrival_forest_river, layout_rooms, grunt_decor_resistance,
          hangedman_decor_diamond_cutter

Action                     || total
---------------------------++-------
  Melee: Rapier            ||    16
 Armour: Scale mail        ||    44
  Dodge: Dodged            ||    39
  Block: Buckler           ||    17

Table legend: (Time is in decaauts)
 A = Elapsed time spent in this place.
 B = Non-inter-level travel time spent in this place.
 C = Inter-level travel time spent in this place.
 D = Time resting spent in this place.
 E = Time spent auto-exploring this place.
 F = Levels seen in this place.
 G = Mean time per level.
                   A        B        C        D        E       F      G
               +--------+--------+--------+--------+--------+-----+--------+
         Total |     31 |     29 |      2 |      0 |      0 |   1 |   31.0 |
       Dungeon |     31 |     29 |      2 |      0 |      0 |   1 |   31.0 |
               +--------+--------+--------+--------+--------+-----+--------+

Top non-repeatable levels by time:
     D:1: 31 daAuts
